[Event "Titled Tuesday Blitz March 08 Early 2022"]
[White "Soderstrom, Adrian"]
[Black "Dronavalli, Harika"]
[WhiteFideId "1745786"]
[BlackFideId "5015197"]
[WhiteElo "2107"]
[BlackElo "2382"]
[Result "0-1"]
[Round "05"]
[TimeControl "180+1"]
[Date "2022.03.09"]
[WhiteClock "0:00:01"]
[BlackClock "0:00:25"]

1. d4 Nf6 2. c4 e6 3. Nf3 d5 4. Nc3 dxc4 5. e4 Bb4 6. Bxc4 Nxe4 7. O-O Nf6 8. Bg5 O-O 9. Qe2 h6 10. Bh4 Be7 11. Rad1 Nbd7 12. Rfe1 Nb6 13. Bb3 Nfd5 14. Bxe7 Nxe7 15. Ne5 Nbd5 16. Bc2 f6 17. Ng4 Qe8 18. Nxd5 Nxd5 19. Rd3 f5 20. Nxh6+ gxh6 21. Rg3+ Kh7 22. Qe5 Qf7 23. Bb3 c6 24. Qe2 Bd7 25. Qf3 Rg8 26. Rh3 Rg6 27. Bc2 Rag8 28. g3 Qf6 29. Kh1 Qxd4 30. Rd1 Qg4 31. Qg2 R8g7 32. f3 Qg5 33. Re1 Nf4 34. Qf1 Nxh3 35. Qxh3 Qf6 36. Re2 c5 37. f4 Bc6+ 38. Kg1 Qf8 39. Qf1 c4 40. Rf2 Qc5 41. Qe1 Rd7 42. Qc3 b5 43. a3 Qd4 44. Qb4 Rdg7 45. Qe1 Be4 46. Kf1 Bd3+ 47. Bxd3 cxd3 48. Rd2 Rd7 49. h3 Qd5 50. Kf2 Qd4+ 51. Kf3 Rdg7 52. Rg2 Qd5+ 53. Kf2 d2 0-1


[Site "https://www.chess.com"]

[Event "Titled Tuesday Blitz March 08 Early 2022"]
[White "Sonis, Francesco"]
[Black "Artemenko, Oleg"]
[WhiteFideId "895733"]
[BlackFideId "14201798"]
[WhiteElo "2373"]
[BlackElo "2287"]
[Result "1-0"]
[Round "05"]
[TimeControl "180+1"]
[Date "2022.03.08"]
[WhiteClock "0:01:02"]
[BlackClock "0:00:06"]

1. d4 Nf6 2. c4 e6 3. Nf3 Bb4+ 4. Bd2 a5 5. g3 O-O 6. Bg2 d5 7. Qc2 Ne4 8. a3 Nxd2 9. Nbxd2 Be7 10. h4 dxc4 11. Nxc4 Ra6 12. Ng5 g6 13. Nf3 Nc6 14. Rd1 Bf6 15. h5 Bg7 16. hxg6 hxg6 17. e3 Ne7 18. Qe4 Nf5 19. Qf4 Rc6 20. Nfe5 Ra6 21. Nf3 b5 22. Nce5 Bf6 23. g4 g5 24. Qe4 Rd6 25. gxf5 exf5 26. Qc2 g4 27. Nxg4 Bg7 28. Nge5 Bb7 29. Qxf5 Rh6 30. Rxh6 Bxh6 31. Ke2 Kg7 32. Rg1 1-0


[Site "https://www.chess.com"]

[Event "Titled Tuesday Blitz March 08 Early 2022"]
[White "Suarez Uriel, Adrian"]
[Black "Oganian, Miran"]
[WhiteFideId "22230874"]
[BlackFideId "4122488"]
[WhiteElo "2316"]
[BlackElo "2357"]
[Result "0-1"]
[Round "05"]
[TimeControl "180+1"]
[Date "2022.03.09"]
[WhiteClock "0:01:33"]
[BlackClock "0:01:41"]

1. e4 e6 2. d4 d5 3. Nc3 Bb4 4. e5 c5 5. a3 Bxc3+ 6. bxc3 Ne7 7. Qg4 Qc7 8. Qxg7 Rg8 9. Qxh7 cxd4 10. Qd3 dxc3 11. f4 Nbc6 12. Nf3 d4 13. Nxd4 Nxd4 14. Qxd4 Bd7 15. Qd6 Qxd6 16. exd6 Nf5 17. a4 Nxd6 18. Ba3 Nf5 19. a5 Ne3 20. Bd3 Rxg2 21. Bc5 Nxc2+ 22. Bxc2 Rxc2 23. h4 Bc6 24. Rh3 O-O-O 25. h5 Bb5 26. Re3 Rh2 27. Rxc3 Re2+ 28. Kf1 Rc2+ 0-1


[Site "https://www.chess.com"]

[Event "Titled Tuesday Blitz March 08 Early 2022"]
[White "Suder, Jakub"]
[Black "Gaehwiler, Gabriel"]
[WhiteFideId "1195310"]
[BlackFideId "1314530"]
[WhiteElo "2058"]
[BlackElo "2383"]
[Result "0-1"]
[Round "05"]
[TimeControl "180+1"]
[Date "2022.03.09"]
[WhiteClock "0:00:06"]
[BlackClock "0:00:09"]

1. d4 Nf6 2. c4 g6 3. Nc3 Bg7 4. e4 O-O 5. Be2 d6 6. Nf3 e5 7. O-O Bg4 8. d5 a5 9. Ne1 Bd7 10. Nd3 Na6 11. Be3 h5 12. a3 Ng4 13. Bd2 Qh4 14. h3 Nf6 15. f3 Nh7 16. Be1 Qe7 17. b4 Bf6 18. Kh2 Bg5 19. g3 Be3 20. Bf2 Bxf2 21. Rxf2 h4 22. b5 hxg3+ 23. Kxg3 Nc5 24. Nxc5 dxc5 25. d6 Qg5+ 26. Kh2 Qh4 27. Rg2 Bxh3 28. dxc7 Nf6 29. Qd6 Nh5 30. Nd5 Bxg2+ 31. Kxg2 Qg3+ 32. Kf1 Qh2 33. Ra2 Rae8 34. Nf6+ Nxf6 35. Qxf6 Re6 36. Qd8 Ree8 37. Qd6 Qh3+ 38. Kf2 Qh4+ 39. Kf1 Kg7 40. Rd2 Rh8 41. Bd3 Qg3 42. Ke2 Qg1 43. Bc2 Rh2+ 44. Kd3 Qf1+ 45. Kc3 Qxf3+ 46. Rd3 Qf2 47. Rd2 Qxd2+ 48. Qxd2 Rxd2 49. Kxd2 b6 50. Ke3 Rc8 51. Kf3 Rxc7 52. Kg4 Kf6 53. Bd3 Re7 54. Be2 Rd7 55. Kf3 Rd4 56. Ke3 Kg5 57. Kf3 f5 0-1


[Site "https://www.chess.com"]

[Event "Titled Tuesday Blitz March 08 Early 2022"]
[White "Svane, Rasmus"]
[Black "Barrientos, Sergio E"]
[WhiteFideId "4657101"]
[BlackFideId "4401824"]
[WhiteElo "2645"]
[BlackElo "2397"]
[Result "1-0"]
[Round "05"]
[TimeControl "180+1"]
[Date "2022.03.08"]
[WhiteClock "0:01:09"]
[BlackClock "0:00:08"]

1. Nf3 Nf6 2. g3 b6 3. Bg2 Bb7 4. O-O e6 5. c4 Be7 6. d4 O-O 7. Re1 a6 8. Nc3 Bb4 9. Qc2 Bxc3 10. Qxc3 Be4 11. Bh3 d6 12. Nd2 Bg6 13. e4 e5 14. dxe5 dxe5 15. Qxe5 Re8 16. Qc3 Nc6 17. b3 Nd4 18. c5 bxc5 19. Bb2 Nxe4 20. Nxe4 Bxe4 21. Re3 Qd5 22. Rae1 Re6 23. Bxe6 fxe6 24. Rxe4 Rf8 25. Rxd4 cxd4 26. Qxd4 1-0


[Site "https://www.chess.com"]

[Event "Titled Tuesday Blitz March 08 Early 2022"]
[White "Sychev, Klementy"]
[Black "Horak, Martin"]
[WhiteFideId "4114060"]
[BlackFideId "367095"]
[WhiteElo "2564"]
[BlackElo "1997"]
[Result "1-0"]
[Round "05"]
[TimeControl "180+1"]
[Date "2022.03.09"]
[WhiteClock "0:00:42"]
[BlackClock "0:00:04"]

1. e4 e5 2. Nf3 Nc6 3. d4 exd4 4. Nxd4 Nf6 5. Nxc6 bxc6 6. e5 Qe7 7. Qe2 Nd5 8. g3 g6 9. c4 Nb6 10. Bg2 Bg7 11. O-O O-O 12. Re1 Re8 13. f4 Qc5+ 14. Be3 Qxc4 15. Qf2 Rb8 16. Nd2 Qe6 17. Ne4 d5 18. exd6 cxd6 19. Bd4 Bb7 20. Nf6+ Qxf6 21. Bxf6 Bxf6 22. Kh1 Nd5 23. Rxe8+ Rxe8 24. Re1 Rxe1+ 25. Qxe1 Bxb2 26. Qe8+ Kg7 27. Qb8 1-0


[Site "https://www.chess.com"]

[Event "Titled Tuesday Blitz March 08 Early 2022"]
[White "Tabatabaei, M. Amin"]
[Black "Volkov, Maksim"]
[WhiteFideId "12521213"]
[BlackFideId "54123070"]
[WhiteElo "2933"]
[BlackElo "2582"]
[Result "1-0"]
[Round "05"]
[TimeControl "180+1"]
[Date "2022.03.08"]
[WhiteClock "0:00:20"]
[BlackClock "0:00:03"]

1. d4 d5 2. Nf3 Nf6 3. c3 c5 4. dxc5 e6 5. Be3 a5 6. c4 Na6 7. cxd5 Nxd5 8. Bd4 Nxc5 9. e3 Bd7 10. Bc4 Nb6 11. Be2 Bc6 12. O-O Qc7 13. Ne5 Rd8 14. Nc3 Bd6 15. Nb5 Bxb5 16. Bxb5+ Nbd7 17. Rc1 Bxe5 18. Bxc5 f6 19. Be7 Qxc1 20. Qxc1 Kxe7 21. Rd1 Nb8 22. g3 Rxd1+ 23. Qxd1 Rd8 24. Qh5 h6 25. Qg4 Kf7 26. Bc4 Rd6 27. f4 Bxb2 28. f5 Nc6 29. fxe6+ Kf8 30. Bb3 Ba3 31. Qg6 Ne5 32. Qh7 Rd2 33. Qh8+ Ke7 34. Qxg7+ Kd6 35. Qxf6 Bb2 36. e7+ Kd7 37. Qe6+ Ke8 38. Ba4+ Nc6 39. Bxc6+ bxc6 40. Qxc6+ Kxe7 41. Qxh6 Rd1+ 42. Kg2 Rd2+ 43. Kh3 Bf6 44. Qh7+ Ke6 45. Qe4+ Kf7 46. Qb7+ Kg6 47. Qe4+ Kg7 48. a4 Rb2 49. Qf5 Rb4 50. Qxa5 Rb2 51. Qa7+ Kg6 52. a5 Ra2 53. Qa8 Ra3 54. Qe4+ Kf7 55. Qb7+ Kg6 56. a6 Rb3 57. Qxb3 1-0


[Site "https://www.chess.com"]

[Event "Titled Tuesday Blitz March 08 Early 2022"]
[White "Talibov, Shiroghlan"]
[Black "Vasquez Schroeder, Rodrigo"]
[WhiteFideId "13429078"]
[BlackFideId "3400042"]
[WhiteElo "2070"]
[BlackElo "2561"]
[Result "1-0"]
[Round "05"]
[TimeControl "180+1"]
[Date "2022.03.08"]
[WhiteClock "0:00:08"]
[BlackClock "0:00:23"]

1. c4 c5 2. Nc3 Nf6 3. Nf3 e6 4. g3 b6 5. Bg2 Bb7 6. O-O a6 7. b3 Be7 8. Bb2 O-O 9. Rc1 d6 10. d4 cxd4 11. Nxd4 Bxg2 12. Kxg2 Qc7 13. e3 Nbd7 14. f4 Rab8 15. Qf3 Rfc8 16. Rfd1 Nc5 17. e4 Qb7 18. Re1 g6 19. Rcd1 Rc7 20. Rd2 Rbc8 21. Rde2 Ncd7 22. a4 Nc5 23. Nd1 h5 24. Nf2 Ncd7 25. h3 e5 26. Nc2 b5 27. axb5 axb5 28. Ne3 bxc4 29. bxc4 Qb3 30. g4 hxg4 31. hxg4 exf4 32. Qxf4 Ne5 33. Rh1 Ne8 34. Nd5 Bf8 35. Rh3 Qxc4 36. Rd2 Rb7 37. Rc3 Qxc3 38. Bxc3 Bg7 39. g5 Ra7 40. Bd4 Rb7 41. Nf6+ Nxf6 42. gxf6 Bf8 43. Bxe5 dxe5 44. Qxe5 Rb6 45. Qf4 Re8 46. Ng4 Rbe6 47. e5 Rc8 48. Nh6+ Kh7 49. Nxf7 Rc4 50. Qxc4 1-0


[Site "https://www.chess.com"]

[Event "Titled Tuesday Blitz March 08 Early 2022"]
[White "Tarasova, Viktoriya"]
[Black "Winkels, Marcel"]
[WhiteFideId "4175840"]
[BlackFideId "1003887"]
[WhiteElo "2182"]
[BlackElo "1900"]
[Result "1-0"]
[Round "05"]
[TimeControl "180+1"]
[Date "2022.03.09"]
[WhiteClock "0:02:17"]
[BlackClock "0:00:27"]

1. d4 Nf6 2. c4 g6 3. Nc3 Bg7 4. e4 d6 5. h3 O-O 6. Be3 c5 7. d5 e6 8. Bd3 exd5 9. exd5 Na6 10. a3 Nc7 11. a4 a6 12. Nf3 Re8 13. O-O Bd7 14. a5 Rb8 15. Bf4 Bc8 16. Qd2 b5 17. axb6 Rxb6 18. Rfe1 Nh5 19. Bg5 Qd7 20. Rxe8+ Qxe8 21. Re1 Qd7 22. Re7 Qd8 23. Rxf7 Qe8 24. Rxc7 Nf6 25. Bh6 Bh8 26. Kh2 Qd8 27. Ra7 Rb4 28. Ng5 Qb6 29. Re7 Rxb2 30. Qe3 Bd7 31. Rxd7 Nxd7 32. Qe8+ 1-0


[Site "https://www.chess.com"]

[Event "Titled Tuesday Blitz March 08 Early 2022"]
[White "Tari, Aryan"]
[Black "Kushko, Dmitriy"]
[WhiteFideId "1510045"]
[BlackFideId "14162261"]
[WhiteElo "2567"]
[BlackElo "2225"]
[Result "1-0"]
[Round "05"]
[TimeControl "180+1"]
[Date "2022.03.09"]
[WhiteClock "0:01:19"]
[BlackClock "0:00:04"]

1. d4 g6 2. h4 Nf6 3. h5 Nxh5 4. e4 d5 5. e5 Ng7 6. g4 h5 7. Be2 h4 8. c3 c5 9. dxc5 Ne6 10. Be3 Bg7 11. f4 g5 12. f5 Nf4 13. Bxf4 gxf4 14. Nf3 Nc6 15. Qa4 Bd7 16. Qxf4 Qc7 17. Na3 Nxe5 18. Nxe5 Bxe5 19. Qe3 Bg3+ 20. Kd1 Rc8 21. Kc2 f6 22. Nb5 Qxc5 23. Nd4 Qd6 24. Rag1 Kf7 25. Kb1 Qe5 26. Qd2 b5 27. Bf3 b4 28. cxb4 Rc4 29. Ne2 Bc6 30. Nxg3 1-0


[Site "https://www.chess.com"]

[Event "Titled Tuesday Blitz March 08 Early 2022"]
[White "Toncheva, Nadya"]
[Black "Ptacnikova, Lenka"]
[WhiteFideId "2924056"]
[BlackFideId "305650"]
[WhiteElo "1884"]
[BlackElo "1923"]
[Result "0-1"]
[Round "05"]
[TimeControl "180+1"]
[Date "2022.03.09"]
[WhiteClock "0:00:22"]
[BlackClock "0:00:30"]

1. e4 c5 2. Nf3 e6 3. d4 cxd4 4. Nxd4 a6 5. c4 Nf6 6. Nc3 Bb4 7. Qd3 Nc6 8. Be2 Qa5 9. Nxc6 dxc6 10. Bd2 e5 11. O-O O-O 12. a3 Bxc3 13. Bxc3 Qc7 14. Rad1 Be6 15. Qg3 Nxe4 16. Qxe5 Qxe5 17. Bxe5 f6 18. Bd6 Nxd6 19. Rxd6 Kf7 20. Rfd1 Ke7 21. f3 Rfd8 22. Rxd8 Rxd8 23. Rxd8 Kxd8 24. Kf2 c5 25. Ke3 Ke7 26. b4 b6 27. Bd3 Kd6 28. f4 h6 29. h4 Bg4 30. Be4 Bd1 31. Bb7 a5 32. bxa5 bxa5 33. Ke4 Bc2+ 34. Ke3 Bf5 35. Kf3 Be6 36. Ba6 Bd7 37. g3 Kc7 38. Bb5 Bxb5 39. cxb5 a4 40. Ke4 Kb6 41. f5 h5 42. Kd5 Kxb5 43. Ke6 c4 44. Kf7 c3 45. Kxg7 c2 46. Kxf6 c1=Q 47. Kg7 Qe3 48. f6 Qxg3+ 49. Kh8 Qxh4 50. f7 Qf6+ 51. Kg8 h4 52. f8=Q Qxf8+ 53. Kxf8 h3 54. Ke7 h2 0-1


[Site "https://www.chess.com"]

[Event "Titled Tuesday Blitz March 08 Early 2022"]
[White "Tsatsalashvili, Keti"]
[Black "Martin Duque, Jesus"]
[WhiteFideId "13603434"]
[BlackFideId "2208954"]
[WhiteElo "2246"]
[BlackElo "2243"]
[Result "1/2-1/2"]
[Round "05"]
[TimeControl "180+1"]
[Date "2022.03.09"]
[WhiteClock "0:00:06"]
[BlackClock "0:00:20"]

1. d4 Nf6 2. Nf3 b6 3. g3 Bb7 4. Bg2 c5 5. c3 g6 6. O-O Bg7 7. Re1 O-O 8. Nbd2 d5 9. Ne5 cxd4 10. cxd4 Nc6 11. Ndf3 Rc8 12. Nxc6 Bxc6 13. Ne5 Bb7 14. Bf4 Ne4 15. Qa4 f6 16. Nd3 Bc6 17. Qb3 Kh8 18. Bh3 Bd7 19. Bg2 Bf5 20. Rac1 Qd7 21. f3 Ng5 22. Bxg5 fxg5 23. Ne5 Qe6 24. f4 gxf4 25. Bxd5 Qf6 26. gxf4 Rxc1 27. Rxc1 Qh4 28. Qg3 Qh5 29. e3 Bf6 30. Bf3 Qh6 31. Bg4 Bh4 32. Qg2 e6 33. Bxf5 gxf5 34. Kh1 Bf6 35. Nf3 Rg8 36. Qf2 Qh3 37. Ne5 Bxe5 38. fxe5 Rg4 39. Rf1 Qh6 40. d5 f4 41. exf4 exd5 42. f5 Qg5 43. f6 Qxe5 44. Qf3 Rg8 45. f7 Rf8 46. Rg1 Qe4 47. Qxe4 dxe4 48. Re1 Rxf7 49. Rxe4 Rf2 50. Re8+ Kg7 51. Re7+ Kg6 52. Rxa7 Rxb2 53. Ra6 Kg5 54. a4 h5 55. a5 b5 56. Rb6 h4 57. Kg1 h3 58. a6 Kf4 59. a7 Ra2 60. Rxb5 Rxa7 61. Rb4+ Kf3 62. Rb3+ Kg4 63. Rg3+ Kh4 64. Kf2 Ra2+ 65. Kg1 Re2 66. Rg8 Re1+ 67. Kf2 Rh1 68. Rh8+ Kg4 69. Rg8+ Kf4 70. Rf8+ Kg4 71. Rg8+ Kf5 72. Rf8+ Kg4 73. Rg8+ 1/2-1/2


[Site "https://www.chess.com"]

[Event "Titled Tuesday Blitz March 08 Early 2022"]
[White "Tymrakiewicz, Rafal"]
[Black "Matinian, Nikita"]
[WhiteFideId "1108832"]
[BlackFideId "24129100"]
[WhiteElo "2205"]
[BlackElo "2422"]
[Result "0-1"]
[Round "05"]
[TimeControl "180+1"]
[Date "2022.03.09"]
[WhiteClock "0:00:01"]
[BlackClock "0:00:37"]

1. d4 Nf6 2. Bg5 d5 3. e3 c5 4. c3 e6 5. Nd2 h6 6. Bh4 Nbd7 7. f4 Qb6 8. Rb1 g5 9. fxg5 hxg5 10. Bxg5 Be7 11. Ngf3 Nf8 12. Ne5 Bd7 13. Qf3 N8h7 14. Bh4 Bb5 15. c4 Bc6 16. Bd3 cxd4 17. Bxh7 dxe3 18. Nb3 Rxh7 19. Bxf6 Qb4+ 20. Ke2 Bxf6 21. Qxf6 dxc4 22. Nxc6 bxc6 23. Qc3 Qxc3 24. bxc3 cxb3 25. Rxb3 a5 26. Rb7 a4 27. h3 Ra5 28. Rd1 Rg5 29. Kf3 e2 30. Re1 Rh4 31. Rxe2 Rc4 32. Rd2 Rxc3+ 33. Kf2 Rd5 34. Rbb2 a3 35. Rbc2 Rxc2 36. Rxc2 Rb5 37. Ke3 Kd7 38. Kd3 e5 39. Kc3 f5 40. g4 f4 41. h4 e4 42. h5 Ke7 43. Kd4 e3 44. Ke4 Rb2 0-1


[Site "https://www.chess.com"]

[Event "Titled Tuesday Blitz March 08 Early 2022"]
[White "Urbina Quiroz, Edwin"]
[Black "Gulecyuz, Deniz"]
[WhiteFideId "6500650"]
[BlackFideId "30921341"]
[WhiteElo "2152"]
[BlackElo "1923"]
[Result "1/2-1/2"]
[Round "05"]
[TimeControl "180+1"]
[Date "2022.03.09"]
[WhiteClock "0:00:07"]
[BlackClock "0:00:05"]

1. e4 c5 2. Nf3 Nc6 3. d4 cxd4 4. Nxd4 Nf6 5. Nc3 e5 6. Ndb5 d6 7. Bg5 a6 8. Na3 b5 9. Bxf6 gxf6 10. Nd5 Bg7 11. c3 f5 12. exf5 Bxf5 13. Nc2 O-O 14. Nce3 Be6 15. Bd3 f5 16. Qh5 e4 17. Bc2 b4 18. Nf4 Bf7 19. Qxf5 bxc3 20. Qxe4 Qh4 21. g3 Qh6 22. Qxc6 cxb2 23. Rd1 Rac8 24. Qxa6 Bc3+ 25. Kf1 Be5 26. Nd3 Bd4 27. Nf5 Qh3+ 28. Kg1 Qxf5 29. Nb4 Qf6 30. Rd2 Be6 31. Qd3 Bxf2+ 32. Kg2 Bh3+ 33. Kxh3 Qh6+ 34. Kg2 Bc5 35. Qxh7+ Qxh7 36. Bxh7+ Kxh7 37. Rxb2 Bxb4 38. Rxb4 Rc2+ 39. Kh3 Rxa2 40. Rd1 Rf6 41. Rh4+ Kg7 42. Rg4+ Kf7 43. Rf4 Rxf4 44. gxf4 Ke6 45. Kg4 Rxh2 46. Re1+ Kf6 47. Rd1 Ke6 48. Ra1 Rh8 49. Re1+ Kf6 50. Rd1 Rg8+ 51. Kf3 Ke6 52. Ke4 Rf8 53. Rd4 Ra8 54. Rb4 Ra5 55. Rb8 Ra4+ 56. Kf3 Kd5 57. Kg4 Ra7 58. Kg5 Rf7 59. f5 Ke5 60. Re8+ Kd4 61. f6 d5 62. Kf5 Kc3 63. Ke6 Rxf6+ 64. Kxf6 d4 65. Ke5 d3 66. Ke4 d2 67. Rd8 Kc2 68. Rc8+ Kb1 69. Rb8+ Kc2 70. Rc8+ Kb1 71. Rd8 Kc2 72. Ke3 d1=Q 73. Rxd1 Kxd1 1/2-1/2


[Site "https://www.chess.com"]

[Event "Titled Tuesday Blitz March 08 Early 2022"]
[White "Vakhlamov, Igor L."]
[Black "Gabdrakhmanov, Azat"]
[WhiteFideId "24126748"]
[BlackFideId "34189197"]
[WhiteElo "2401"]
[BlackElo "2279"]
[Result "1/2-1/2"]
[Round "05"]
[TimeControl "180+1"]
[Date "2022.03.08"]
[WhiteClock "0:00:13"]
[BlackClock "0:00:13"]

1. e4 c5 2. Nf3 e6 3. Nc3 a6 4. g3 Nc6 5. Bg2 Nf6 6. O-O d6 7. d3 Be7 8. Ng5 h6 9. Nh3 g5 10. f4 g4 11. Nf2 h5 12. Re1 Nd7 13. Be3 Qc7 14. a3 b5 15. Ne2 Bb7 16. d4 cxd4 17. Nxd4 Nxd4 18. Bxd4 e5 19. Be3 exf4 20. Bxf4 Ne5 21. Nd3 h4 22. Nxe5 dxe5 23. Be3 h3 24. Bf1 f5 25. Bd3 O-O-O 26. Qc1 Bc5 27. a4 f4 28. Bxc5 Qxc5+ 29. Kh1 fxg3 30. hxg3 Qf2 31. Rg1 Qf3+ 32. Kh2 Bxe4 33. Qe1 Bxd3 34. cxd3 Qxd3 35. Rc1+ Kb7 36. axb5 Qd2+ 37. Kh1 Qd5+ 38. Kh2 Qd2+ 39. Kh1 Qxe1 40. Rgxe1 axb5 41. Rxe5 Rd2 42. Rxb5+ Ka6 43. Rb4 Rh5 44. Ra1+ Ra5 45. Rxa5+ Kxa5 46. Rxg4 Rxb2 47. Rh4 Kb5 48. Rxh3 Kc5 49. Rh2 Rb1+ 50. Kg2 Kd5 51. Kf3 Ke6 52. Kg4 Kf6 53. Rh6+ Kg7 54. Re6 Rb5 55. Re4 Kf6 56. Rf4+ Kg6 57. Ra4 Rb6 58. Kh4 Rc6 59. Rg4+ Kh6 60. Rb4 Rd6 61. Rb5 Kg6 62. Rg5+ Kh6 63. Rh5+ Kg6 64. g4 Rc6 65. Ra5 Rb6 66. Kg3 Rc6 67. Ra4 Rb6 68. Kf4 Rc6 69. Re4 Rf6+ 70. Kg3 Ra6 71. Kh4 Rb6 72. Re5 Ra6 73. Rg5+ Kh6 74. Rg8 Rb6 75. Kg3 Kh7 76. Rg5 Kh6 77. Re5 Kg6 78. Kh4 Kf6 79. Rg5 Rb1 80. Rg8 Rh1+ 81. Kg3 Rg1+ 82. Kf2 Ra1 83. Kf3 Rf1+ 84. Ke2 Ra1 85. Ke3 Re1+ 86. Kf2 Ra1 87. Kg2 Kf7 88. Rg5 Kf6 89. Rb5 Ra3 90. Rf5+ Kg6 91. Kf2 Rb3 92. Rf3 Rb2+ 93. Kg3 Rb6 94. Ra3 Rc6 95. Kh4 Rd6 96. Ra5 Rc6 97. Rg5+ Kh6 98. Rh5+ Kg6 99. Rh8 Kg7 100. Ra8 Kg6 101. Ra5 Rd6 102. Rg5+ Kh6 103. Rf5 Kg6 104. Rf4 Rc6 105. Re4 Rb6 106. Rd4 Rc6 107. Rd5 Rb6 108. Rg5+ Kh6 109. Rg8 Kh7 110. Rf8 Kg6 111. Rf5 Rc6 112. Rg5+ Kh6 113. Rg8 Kh7 114. Ra8 1/2-1/2


[Site "https://www.chess.com"]

[Event "Titled Tuesday Blitz March 08 Early 2022"]
[White "Vifleemskaia, Svetlana"]
[Black "Lauridsen, Jesper Morch"]
[WhiteFideId "4129490"]
[BlackFideId "1401890"]
[WhiteElo "1901"]
[BlackElo "2261"]
[Result "1-0"]
[Round "05"]
[TimeControl "180+1"]
[Date "2022.03.09"]
[WhiteClock "0:00:16"]
[BlackClock "0:00:11"]

1. d4 Nf6 2. c4 e6 3. Nc3 Bb4 4. e3 d5 5. Ne2 O-O 6. cxd5 exd5 7. Ng3 Re8 8. Bd3 c5 9. O-O c4 10. Bc2 Nc6 11. a3 Bd6 12. Nf5 Bxf5 13. Bxf5 Ne7 14. Bc2 Ng6 15. f4 Ne4 16. Bxe4 dxe4 17. f5 Ne7 18. f6 Ng6 19. Qe2 gxf6 20. Qxc4 Rc8 21. Qb5 Bb8 22. Qh5 Kg7 23. Bd2 Rc6 24. Rad1 a6 25. Ne2 Rc2 26. Bc3 Qd6 27. Ng3 Kh8 28. Nf5 Qf8 29. Rde1 Qg8 30. Re2 Rxe2 31. Qxe2 Ne7 32. Nxe7 Rxe7 33. Rxf6 Qg5 34. Qf2 Kg7 35. Rf5 Qg6 36. d5+ Kg8 37. Qh4 Kf8 38. Bb4 Bd6 39. Rg5 Bxh2+ 40. Kxh2 Qf6 41. Rg8+ 1-0


[Site "https://www.chess.com"]

[Event "Titled Tuesday Blitz March 08 Early 2022"]
[White "Viskelis, Darius"]
[Black "Miszler, Levente"]
[WhiteFideId "12800830"]
[BlackFideId "763276"]
[WhiteElo "1978"]
[BlackElo "1966"]
[Result "0-1"]
[Round "05"]
[TimeControl "180+1"]
[Date "2022.03.09"]
[WhiteClock "0:00:04"]
[BlackClock "0:00:57"]

1. e4 e6 2. d4 d5 3. e5 c5 4. c3 Nc6 5. Nf3 Bd7 6. Bd3 cxd4 7. cxd4 Qb6 8. O-O Nxd4 9. Nxd4 Qxd4 10. Nc3 a6 11. Qe2 Rc8 12. Rd1 Qb6 13. Bf4 Bc5 14. Bg3 Ne7 15. Qg4 O-O 16. Na4 Bxa4 17. Qxa4 Qb4 18. Qc2 Bxf2+ 19. Qxf2 Ng6 20. Rac1 Qa4 21. a3 b5 22. h4 Ne7 23. h5 Qg4 24. Be2 Qg5 25. Bh4 Qxc1 26. Rxc1 Rxc1+ 27. Kh2 Nf5 28. Bg5 Rc2 29. Qf1 h6 30. Bd3 Rxb2 31. Bxf5 exf5 32. Be7 Re8 33. Bd6 Rc8 34. Qxf5 Rcc2 35. Qg4 d4 36. Kh3 d3 0-1


[Site "https://www.chess.com"]

[Event "Titled Tuesday Blitz March 08 Early 2022"]
[White "Voit, Daria"]
[Black "Kosakowski, Jakub"]
[WhiteFideId "4182146"]
[BlackFideId "1185080"]
[WhiteElo "2323"]
[BlackElo "2476"]
[Result "1-0"]
[Round "05"]
[TimeControl "180+1"]
[Date "2022.03.09"]
[WhiteClock "0:00:17"]
[BlackClock "0:00:03"]

1. d4 Nf6 2. Bg5 d5 3. Bxf6 gxf6 4. c4 dxc4 5. e3 c5 6. Qa4+ Nc6 7. dxc5 Rg8 8. Nc3 Bd7 9. Qxc4 Ne5 10. Qh4 Bc6 11. f3 Nd3+ 12. Bxd3 Qxd3 13. Kf2 e6 14. Rd1 Qg6 15. g3 Qf5 16. b4 a5 17. b5 Bd7 18. Qd4 e5 19. Qd5 Qe6 20. Qxb7 Rd8 21. Nd5 Qf5 22. e4 Bxc5+ 23. Kg2 Qg6 24. Qc7 Bd4 25. b6 Qh5 26. Nxf6+ 1-0


[Site "https://www.chess.com"]

[Event "Titled Tuesday Blitz March 08 Early 2022"]
[White "Vokhidov, Shamsiddin"]
[Black "Timofeev, Artyom"]
[WhiteFideId "14204223"]
[BlackFideId "4140419"]
[WhiteElo "2959"]
[BlackElo "2838"]
[Result "0-1"]
[Round "05"]
[TimeControl "180+1"]
[Date "2022.03.08"]
[WhiteClock "0:00:35"]
[BlackClock "0:00:41"]

1. e4 c5 2. Nf3 Nc6 3. Bb5 d6 4. O-O Bd7 5. Re1 a6 6. Bf1 Bg4 7. h3 Bxf3 8. Qxf3 g6 9. c3 Bg7 10. Qd1 e6 11. d3 Nge7 12. Be3 O-O 13. d4 cxd4 14. cxd4 d5 15. e5 Nf5 16. Qd2 f6 17. f4 fxe5 18. dxe5 Nxe3 19. Qxe3 Bh6 20. g3 g5 21. fxg5 Bxg5 22. Qd3 Qb6+ 23. Kh1 Qf2 24. Nc3 Rf3 25. Qe2 Qxg3 26. Bg2 Rf2 27. Qg4 Qxg4 28. hxg4 Rxb2 29. Rab1 Rxb1 30. Rxb1 Na5 31. Na4 Rc8 32. Nb6 Rc7 33. Bf1 Bf4 34. Bd3 Kg7 35. Rf1 Be3 36. Na4 b5 37. Nb2 Bd4 38. Nd1 Nc4 39. Kg2 Nxe5 40. Bb1 Nxg4 41. Rh1 h6 42. Rh4 Ne3+ 43. Kf3 Nxd1 44. Rxd4 Nc3 45. Bd3 Nxa2 46. Rg4+ Kf6 47. Rg6+ Ke5 48. Rxh6 Nb4 49. Bh7 Nc6 50. Ke3 Ne7 51. Kd3 a5 52. Rh1 Kd6 53. Ra1 a4 54. Rb1 Rc5 55. Kd2 Nc6 56. Bd3 Nd4 57. Ke3 e5 58. Rh1 Rc3 59. Kd2 Ra3 60. Rh8 Nb3+ 61. Kc3 Nc5+ 0-1


[Site "https://www.chess.com"]

[Event "Titled Tuesday Blitz March 08 Early 2022"]
[White "Wagner, Dennis"]
[Black "Guseva, Marina"]
[WhiteFideId "24650684"]
[BlackFideId "4149351"]
[WhiteElo "2355"]
[BlackElo "2160"]
[Result "1-0"]
[Round "05"]
[TimeControl "180+1"]
[Date "2022.03.09"]
[WhiteClock "0:00:28"]
[BlackClock "0:00:13"]

1. d4 d5 2. Nf3 Nf6 3. Bf4 c5 4. e3 e6 5. Nbd2 Bd6 6. Bb5+ Nc6 7. Bxc6+ bxc6 8. Bxd6 Qxd6 9. Nb3 cxd4 10. exd4 Nd7 11. Qd2 c5 12. dxc5 Nxc5 13. Nxc5 Qxc5 14. O-O O-O 15. Rfe1 a5 16. Re3 Rd8 17. Nd4 Bd7 18. Rae1 a4 19. Rg3 g6 20. h4 Rab8 21. c3 Qd6 22. Qg5 Re8 23. Nf3 Rxb2 24. Ne5 Qe7 25. Qf4 Reb8 26. Ng4 f5 27. Nh6+ Kh8 28. h5 Qf6 29. hxg6 hxg6 30. Ng4 g5 31. Qxb8+ Rxb8 32. Nxf6 1-0


[Site "https://www.chess.com"]

[Event "Titled Tuesday Blitz March 08 Early 2022"]
[White "Yandarbiev, Ruslan"]
[Black "Tologon tegin, Semetei"]
[WhiteFideId "4115023"]
[BlackFideId "13800574"]
[WhiteElo "2102"]
[BlackElo "2258"]
[Result "1-0"]
[Round "05"]
[TimeControl "180+1"]
[Date "2022.03.09"]
[WhiteClock "0:00:52"]
[BlackClock "0:00:32"]

1. e4 e5 2. Nf3 Nc6 3. Bb5 a6 4. Ba4 Nf6 5. O-O Be7 6. Bxc6 dxc6 7. d3 Bg4 8. Nbd2 O-O 9. h3 Bxf3 10. Nxf3 Nd7 11. Bd2 Bc5 12. Bc3 Qe7 13. Re1 Rad8 14. Qe2 Rfe8 15. Rad1 f6 16. d4 exd4 17. Nxd4 Qf7 18. Nf5 Nf8 19. b3 Ng6 20. Qg4 Kh8 21. h4 Rxd1 22. Rxd1 Ne5 23. Bxe5 fxe5 24. h5 g6 25. hxg6 Qxg6 26. Qh3 Qe6 27. Rd3 Rf8 28. Rg3 Rf7 29. Qg4 Qe8 30. Qh5 Qf8 31. Kh1 Rd7 32. Nh6 Rg7 33. Qxe5 Bxf2 34. Rxg7 Qxg7 35. Qe8+ 1-0


[Site "https://www.chess.com"]

[Event "Titled Tuesday Blitz March 08 Early 2022"]
[White "Yang, Kaiqi"]
[Black "San, Thit Lwin"]
[WhiteFideId "8604398"]
[BlackFideId "13001272"]
[WhiteElo "2373"]
[BlackElo "2232"]
[Result "1-0"]
[Round "05"]
[TimeControl "180+1"]
[Date "2022.03.09"]
[WhiteClock "0:00:18"]
[BlackClock "0:00:10"]

1. e4 Nf6 2. e5 Nd5 3. d4 d6 4. Nf3 Bg4 5. Be2 e6 6. O-O Be7 7. exd6 cxd6 8. h3 Bh5 9. Nbd2 O-O 10. Ne4 Nc6 11. c3 Rc8 12. Re1 a6 13. Ng3 Bg6 14. Bd3 b5 15. Bxg6 hxg6 16. a4 Nb6 17. axb5 axb5 18. Qd3 b4 19. c4 Bf6 20. Ne4 d5 21. Nxf6+ gxf6 22. c5 Nd7 23. Bf4 Kg7 24. Bd6 Re8 25. Ra6 Ndb8 26. Rb6 Nd7 27. Rb7 Ra8 28. Qb5 Ndb8 29. b3 Na5 30. Rxb8 Rxb8 31. Bxb8 Nxb3 32. Bd6 Na5 33. Bc7 Qxc7 34. Qxe8 Nc4 35. Qb5 Qf4 36. Qxb4 g5 37. c6 g4 38. hxg4 Qxg4 39. c7 e5 40. Qb8 e4 41. c8=Q Qxc8 42. Qxc8 1-0


[Site "https://www.chess.com"]